 Dungeon Crawl Stone Soup version 0.29-a0-234-g0dae59b3db (webtiles) character file.

Game seed: 11460375949402063411

375 fragbeetle the Changer (level 6, -5/47 HPs)
             Began as a Draconian Transmuter on Mar 2, 2022.
             Killed from afar by Blork the orc (10 damage)
             ... with a magic dart
             ... on level 5 of the Dungeon.
             The game lasted 00:07:11 (3629 turns).

fragbeetle the Changer (Draconian Transmuter)       Turns: 3629, Time: 00:07:11

Health: -5/47      AC:  2    Str: 12    XL:     6   Next: 44%
Magic:  6/9        EV: 19    Int: 13    God:
Gold:   195        SH:  0    Dex: 19    Spells: 1/9 levels left

rFire   . . .      SeeInvis .     - Unarmed
rCold   . . .      Faith    .   (shield currently unavailable)
rNeg    . . .      Spirit   .   (body armour unavailable)
rPois   x          Reflect  .   (helmet currently unavailable)
rElec   .          Harm     .   (cloak currently unavailable)
rCorr   .          Rampage  .   (gloves currently unavailable)
Will    .....                   (boots currently unavailable)
Stlth   ++........              h - amulet of regeneration
HPRegen 0.95/turn               o - ring of wizardry
MPRegen 0.11/turn               (no ring)

@: spider-form, hasted, very quick
A: venomous fangs, AC +6, tiny, unfitting armour, (cold-blooded)
a: End Transformation


You were on level 5 of the Dungeon.
You were a venomous arachnid creature.
You visited 1 branch of the dungeon, and saw 5 of its levels.

You collected 195 gold pieces.

Inventory:

Hand Weapons
 g - a +0 short sword of protection
 k - a +0 hunting sling
Jewellery
 h - an amulet of regeneration (around neck)
 o - a ring of wizardry (left front leg)
Scrolls
 a - 4 scrolls of identify {unknown}
 b - a scroll of noise {unknown}
 f - 2 scrolls of blinking {unknown}
 m - 2 scrolls of fog {unknown}
 n - a scroll of silence {unknown}
 p - a scroll of enchant armour {unknown}
 q - a scroll of teleportation {unknown}
Potions
 e - a potion of lignification
 i - a potion of invisibility
 j - a potion of attraction {unknown}


   Skills:
 - Level 1.1 Fighting
 - Level 1.7 Dodging
 - Level 3.0 Unarmed Combat
 - Level 2.0 Spellcasting
 + Level 6.3 Transmutations
 + Level 1.2 Ice Magic
 - Level 2.0 Poison Magic


You had one spell level left.
You knew the following spells:

 Your Spells              Type           Power      Damage    Failure   Level
a - Beastly Appendage     Tmut           34%        N/A       3%          1
b - Spider Form           Tmut/Pois      12%        N/A       13%         3
c - Ice Form              Ice/Tmut       11%        N/A       36%         4

Your spell library contained the following spells:

 Spells                   Type           Power      Damage    Failure   Level
 Apportation              Tloc           2%         N/A       21%         1
 Wereblood                Tmut           17%        N/A       4%          2
 Call Canine Familiar     Summ           1%         N/A       45%         3
 Portal Projectile        Hex/Tloc       2%         N/A       45%         3
 Alistair's Intoxication  Tmut/Pois      8%         N/A       58%         5
 Leda's Liquefaction      Hex/Erth       0%         N/A       80%         4
 Malign Gateway           Summ/Tloc      0%         N/A       100%        7
 Summon Horrible Things   Summ           0%         N/A       100%        8


Dungeon Overview and Level Annotations

Branches:
Dungeon (4/15)
 Temple: D:4-7

Altars:
Dithmenos
Nemelex Xobeh
Qazlal
Sif Muna
The Shining One

Annotations:
D:2 Sigmund
D:5 Blork the orc, Menkaure


Innate Abilities, Weirdness & Mutations

You are a venomous arachnid creature.
You have poisonous fangs.
You are tiny and dextrous.
Your spellcasting is less reliable in this form.
Your armour is entirely melded.
You are incapable of wielding weapons or throwing items.
((Your plain brown scales are hard. (AC +6)))
You cannot fit into any form of body armour.
((You are cold-blooded and may be slowed by cold attacks.))


Message History

The puff of flame hits you but does no damage.
You feel much better.
You feel less wooden.
Blork the orc mumbles some strange words.
Blork the orc seems to speed up.
Unknown command.
Casting: Ice Form (quite dangerous; 21% risk of failure)
Confirm with . or Enter, or press ? or * to list all spells.
You turn into a venomous arachnid creature.
Blork the orc misses you.
Found a hand axe.
Blork the orc completely misses you.
Items here: ))))) [[[[ ††.
You hit Blork the orc but do no damage.
Blork the orc is lightly wounded.
Blork the orc completely misses you.
You hit Blork the orc but do no damage.
Blork the orc is poisoned.
Blork the orc is lightly wounded.
Blork the orc misses you.
You completely miss Blork the orc.
Blork the orc is lightly wounded.
Blork the orc barely misses you.
You barely miss Blork the orc.
Blork the orc is lightly wounded.
Blork the orc completely misses you.
You hit Blork the orc.
Blork the orc looks as sick as possible!
Blork the orc is moderately wounded.
Blork the orc completely misses you.
You hit Blork the orc.
Blork the orc looks as sick as possible!
Blork the orc is heavily wounded.
Blork the orc hits you with a +0 glaive!
You hit Blork the orc.
Blork the orc looks as sick as possible!
Blork the orc is severely wounded.
Blork the orc hits you with a +0 glaive!
* * * LOW HITPOINT WARNING * * *
Blork the orc points at you and mumbles some strange words.
The magic dart hits you!
You die...

.## ..# ..#### #....###
.......##### #######
......>....### .......
......## #...## ...⌠.⌠.
.......#####..####.?.._..
................s)..)⌠.⌠.
......############o.....)
####### ....... .......
....... ....... .......
#######


You could see Blork the orc (fast, extremely poisoned).

Vanquished Creatures
  An ogre (D:4)
  A scorpion (D:4)
  A hound (D:5)
  An orc priest (D:5)
  Jessica (D:2)
  An iguana (D:5)
  An orc wizard (D:5)
  3 adders
  3 worms (D:2)
  6 orcs
  6 bats
  8 endoplasms
  4 giant cockroaches
  2 goblins
  5 hobgoblins
  8 jackals
  4 quokkas
  3 ball pythons
  4 frilled lizards
  2 kobolds
  6 rats
71 creatures vanquished.

Vanquished Creatures (others)
  An orc wizard (D:5)
1 creature vanquished.

Grand Total: 72 creatures vanquished

Notes
Turn   | Place    | Note
-------+----------+-------------------------------------------
     0 | D:1      | fragbeetle the Draconian Transmuter began the quest for the
                  | Orb.
     0 | D:1      | Reached XP level 1. HP: 16/16 MP: 3/3
   642 | D:1      | Found a faded altar of an unknown god.
   645 | D:1      | Reached XP level 2. HP: 23/23 MP: 3/5
   820 | D:2      | Reached skill level 3 in Transmutations
  1188 | D:2      | Reached XP level 3. HP: 26/28 MP: 4/6
  1222 | D:2      | Noticed Jessica
  1225 | D:2      | Noticed Sigmund
  1230 | D:2      | Killed Jessica
  1231 | D:2      | Reached skill level 4 in Transmutations
  1531 | D:2      | Reached XP level 4. HP: 35/35 MP: 5/7
  1701 | D:3      | Found a stormy altar of Qazlal.
  2148 | D:3      | Learned a level 3 spell: Spider Form
  2202 | D:3      | Found a shadowy altar of Dithmenos.
  2754 | D:4      | Found a glowing golden altar of the Shining One.
  2783 | D:4      | Noticed an ogre
  2848 | D:4      | Noticed a scorpion
  3135 | D:4      | Found a shimmering blue altar of Sif Muna.
  3264 | D:4      | Reached skill level 5 in Transmutations
  3267 | D:4      | Reached skill level 1 in Poison Magic
  3383 | D:4      | Killed a scorpion
  3384 | D:4      | Reached XP level 5. HP: 17/40 MP: 8/8
  3454 | D:4      | Killed an ogre
  3455 | D:4      | Reached XP level 6. HP: 19/47 MP: 6/9
  3480 | D:4      | You fall into a shaft and drop 1 floor!
  3480 | D:5      | Entered Level 5 of the Dungeon
  3490 | D:5      | Reached skill level 6 in Transmutations
  3495 | D:5      | Learned a level 4 spell: Ice Form
  3518 | D:5      | Noticed Menkaure
  3558 | D:5      | Found a sparkling altar of Nemelex Xobeh.
  3559 | D:5      | Noticed Blork the orc
  3574 | D:5      | Reached skill level 1 in Ice Magic
  3629 | D:5      | Killed from afar by Blork the orc

Illustrated notes

Levels and vault maps discovered:
D:1:      beargit_arrival_greenhouse, layout_rooms,
          ebering_ecumenical_altar_abandoned, minmay_misc_feat_chi,
          nicolae_wormholes
D:2:      layout_basic, basic_altar, minmay_heptomino_w4, uniq_jessica,
          uniq_sigmund
D:3:      layout_loops_cross, nicolae_qazlal_general_emergency,
          marbit_many_paths
D:4:      due_chaos_kobolds, layout_basic, mainiacjoe_overflow_brackets,
          tso_metal_star, kennysheep_generic_room_5, uniq_grinder
D:5:      layout_rooms, nemelex_xobeh_ov_fountains_minmay,
          gup_sewer_entry_bubbles, serial_shops,
          nicolae_shop_bloodbath_and_beyond, abandoned_shop, uniq_menkaure,
          uniq_blork_the_orc, uniq_prince_ribbit1

Skill      XL: |  1  2  3  4  5  6 |
---------------+-------------------+-----
Transmutations | 3 4 5 6 |  6.3
Poison Magic   | 1 2 |  2.0
Ice Magic      | 1 |  1.2
Fighting       | |  1.1
Dodging        | |  1.7
Unarmed Combat | |  3.0
Spellcasting   | |  2.0

Action                   |  1- 3 |  4- 6 || total
-------------------------+-------+-------++-------
Melee: Unarmed           |    85 |   150 ||   235
       Kick              |    15 |    29 ||    44
       Tailslap          |     9 |     9 ||    18
       Headbutt          |     9 |     8 ||    17
       Punch             |     1 |     6 ||     7
Throw: Dart              |       |     3 ||     3
 Cast: Beastly Appendage |    21 |    32 ||    53
       Spider Form       |       |     6 ||     6
  Use: Potion            |       |     5 ||     5
 Stab: Sleeping          |       |     1 ||     1
Armor: Skin              |    28 |    64 ||    92
Dodge: Dodged            |    71 |   100 ||   171

Table legend: (Time is in decaauts)
 A = Elapsed time spent in this place.
 B = Non-inter-level travel time spent in this place.
 C = Inter-level travel time spent in this place.
 D = Time resting spent in this place.
 E = Time spent auto-exploring this place.
 F = Levels seen in this place.
 G = Mean time per level.
                   A        B        C        D        E       F      G
               +--------+--------+--------+--------+--------+-----+--------+
         Total |   3606 |   3524 |     82 |    265 |   2388 |   5 |  721.2 |
       Dungeon |   3606 |   3524 |     82 |    265 |   2388 |   5 |  721.2 |
               +--------+--------+--------+--------+--------+-----+--------+

Top non-repeatable levels by time:
     D:3: 1042 daAuts
     D:1: 889 daAuts
     D:4: 853 daAuts
     D:2: 686 daAuts
     D:5: 134 daAuts
